Map: Dusk Towers

Players

BowmanSX (bowman) - Winner!

  • Race: Protoss Protoss
  • League: Master

MorN

  • Race: Terran Terran
  • League: Master

VOD

Have the link to the VOD?

Description

Time

  • Played on: Jan. 31, 2016, 5:43 p.m.
  • Length: 21:29
Show
View Real Time Build Order
Export as new Build Order

BowmanSX Protoss - Winner!

Build Orders: Nexus First, Phoenix Opening 

Get SALT Encoding   

  12  0:01  Probe (Chrono Boost)  
  13  0:12  Probe (Chrono Boost)  
  14  0:18  Pylon  
  14  0:23  Probe (Chrono Boost)  
  15  0:36  Probe (Chrono Boost)  
  16  0:48  Probe (Chrono Boost)  
  17  0:57  Nexus  
  18  1:07  Gateway  
  18  1:09  Probe (Chrono Boost)  
  18  1:16  Assimilator  
  18  1:20  Probe (Chrono Boost)  
  18  1:23  Assimilator  
  19  1:30  Probe (Chrono Boost)  
  20  1:41  Probe (Chrono Boost)  
  20  1:42  Gateway  
  21  1:47  Pylon  
  21  1:52  Probe (Chrono Boost)  
  22  2:00  Cybernetics Core  
  22  2:03  Probe (Chrono Boost)  
  23  2:10  Zealot (Chrono Boost)  
  23  2:13  Probe  
  26  2:17  Probe (Chrono Boost)  
  26  2:27  Probe (Chrono Boost)  
  26  2:29  Probe (Chrono Boost)  
  28  2:38  Adept x2 (Chrono Boost)  
  28  2:40  Probe  
  28  2:42  Warp Gate, Probe  
  34  2:53  Stargate  
  34  3:00  Probe x2  
  36  3:12  Probe x2  
  38  3:19  Sentry x2 (Chrono Boost)  
  42  3:21  Pylon  
  42  3:24  Probe x2  
  44  3:36  Probe  
  44  3:39  Phoenix, Probe  
  48  3:49  Nexus  
  48  3:57  Probe (Chrono Boost)  
  48  3:58  Probe (Chrono Boost)  
  48  3:59  Pylon  
  48  4:02  Assimilator  
  50  4:03  Assimilator  
  50  4:07  Phoenix  
  50  4:08  Probe (Chrono Boost)  
  53  4:12  Probe (Chrono Boost)  
  54  4:19  Probe (Chrono Boost)  
  56  4:24  Probe (Chrono Boost), Forge  
  56  4:28  Pylon  
  56  4:29  Probe (Chrono Boost)  
  57  4:34  Probe (Chrono Boost)  
  57  4:38  Phoenix  
  60  4:40  Mothership Core (Chrono Boost)  
  62  4:46  Probe (Chrono Boost)  
  63  4:57  Protoss Ground Weapons Level 1, Twilight Council, Probe (Chrono Boost)  
  63  4:58  Probe (Chrono Boost)  
  65  5:00  Robotics Facility  
  65  5:02  Probe (Chrono Boost)  
  65  5:06  Phoenix  
  68  5:08  Probe (Chrono Boost)  
  68  5:09  Probe (Chrono Boost)  
  68  5:12  Probe (Chrono Boost)  
  71  5:18  Probe (Chrono Boost)  
  71  5:19  Probe (Chrono Boost)  
  73  5:23  Pylon, Probe (Chrono Boost)  
  73  5:25  Protoss Air Weapons Level 1  
  74  5:29  Probe (Chrono Boost)  
  74  5:30  Probe (Chrono Boost)  
  74  5:33  Probe (Chrono Boost)  
  74  5:34  Phoenix  
  79  5:35  Resonating Glaives (Chrono Boost)  
  79  5:39  Probe (Chrono Boost)  
  79  5:40  Probe (Chrono Boost)  
  81  5:44  Probe (Chrono Boost)  
  81  5:48  Gateway x2  
  79  5:50  Probe (Chrono Boost)  
  79  5:52  Adept x2  
  77  6:04  Pylon  
  69  6:20  Probe x3 (Chrono Boost)  
  69  6:22  Adept  
  71  6:31  Probe x3 (Chrono Boost)  
  74  6:35  Assimilator  
  74  6:37  Immortal (Chrono Boost)  
  74  6:39  Assimilator, Protoss Ground Weapons Level 2  
  78  6:42  Probe, Gateway  
  78  6:43  Mothership Core, Probe  
  78  6:44  Gateway  
  78  6:45  Phoenix  
  84  6:48  Pylon  
  84  6:50  Pylon  
  84  7:03  Adept x2  
  84  7:04  Adept x2  
  92  7:10  Phoenix  
  92  7:12  Observer (Chrono Boost)  
  95  7:19  Probe x2  
  95  7:20  Charge  
  95  7:25  Adept x4  
  95  7:28  Pylon x2  
  103  7:31  Protoss Air Armor Level 1  
  97  7:49  Phoenix  
  87  8:00  Immortal (Chrono Boost)  
  87  8:02  Adept x4  
  87  8:03  Adept x2  
  103  8:07  Photon Cannon  
  103  8:09  Photon Cannon  
  103  8:11  Photon Cannon  
  102  8:14  Phoenix  
  102  8:25  Adept x6  
  114  8:31  Probe  
  116  8:34  Observer (Chrono Boost)  
  116  8:36  Probe  
  116  8:39  Phoenix  
  119  8:43  Fleet Beacon, Probe  
  119  8:45  Stalker  
  119  8:46  Stargate, Stalker  
  124  8:49  Pylon  
  124  8:51  Pylon  
  124  8:53  Pylon  
  124  8:55  Pylon  
  108  9:05  Protoss Ground Weapons Level 3  
  108  9:09  Adept x2  
  104  9:10  Zealot x3  
  104  9:11  Zealot  
  112  9:22  Nexus  
  112  9:23  Pylon  
  112  9:26  Pylon, Templar Archives  
  112  9:28  Phoenix  
  114  9:31  Protoss Air Weapons Level 2  
  102  9:40  Observer (Chrono Boost)  
  102  9:41  Adept x5  
  113  9:46  Anion Pulse-Crystals  
  113  9:49  Phoenix  
  115  9:53  Assimilator  
  115  9:56  Probe x3  
  115  9:58  Assimilator  
  118  10:02  Sentry x2  
  122  10:07  Zealot x2  
  122  10:08  Probe x2  
  122  10:13  Phoenix  
  130  10:14  Zealot  
  130  10:15  Probe  
  120  10:27  Observer (Chrono Boost)  
  120  10:28  Phoenix  
  123  10:29  Zealot  
  123  10:30  Zealot x3  
  131  10:40  Phoenix  
  133  10:46  Zealot x2  
  137  10:51  Zealot  
  137  10:53  Phoenix  
  137  10:54  Observer (Chrono Boost)  
  126  11:15  Phoenix  
  126  11:18  Phoenix  
  130  11:30  High Templar x2  
  130  11:31  Zealot x4  
  142  11:38  Probe x3  
  142  11:39  Tempest  
  145  11:42  Tempest  
  149  11:49  Nexus  
  149  11:51  Pylon  
  137  11:59  Archon  
  139  12:02  Immortal (Chrono Boost)  
  139  12:03  High Templar x2  
  139  12:04  Zealot x4  
  151  12:11  Photon Cannon  
  151  12:15  Photon Cannon  
  151  12:17  Assimilator, Archon  
  151  12:22  Assimilator  
  151  12:29  Tempest x2  
  157  12:36  Immortal (Chrono Boost), Protoss Air Weapons Level 3  
  161  12:39  High Templar x2  
  161  12:40  Zealot x4  
  161  12:43  Archon  
  161  13:12  Phoenix  
  161  13:13  Phoenix  
  163  13:34  Stargate  
  163  13:35  Stargate  
  163  13:36  Immortal (Chrono Boost), Robotics Facility  
  167  13:42  High Templar x2  
  167  13:43  Zealot x4  
  167  13:47  Archon  
  179  13:49  Gateway  
  179  13:50  Gateway  
  179  13:51  Gateway  
  179  13:52  Gateway  
  179  13:55  Nexus  
  179  14:08  Psionic Storm  
  179  14:10  High Templar  
  179  14:13  High Templar  
  179  14:14  High Templar  
  179  14:15  Nexus  
  179  14:16  Pylon  
  185  14:17  Assimilator, High Templar  
  185  14:18  High Templar  
  185  14:20  Protoss Ground Armor Level 1  
  185  14:21  Assimilator  
  189  14:31  Pylon  
  189  14:33  Pylon  
  157  14:54  Phoenix x3  
  157  14:58  Observer (Chrono Boost)  
  157  15:01  Observer (Chrono Boost)  
  157  15:03  Mothership Core  
  157  15:06  Blink  
  159  15:08  Probe x2  
  159  15:11  Probe x2  
  159  15:13  Protoss Air Armor Level 2  
  163  15:15  High Templar x2  
  167  15:32  Zealot x6  
  167  15:33  Zealot  
  171  15:53  Archon  
  171  15:57  Adept x3  
  171  15:58  Stalker x2  
  171  15:59  Zealot x3  
  187  16:05  Stalker x2  
  187  16:07  Oracle  
  187  16:08  Oracle x2  
  177  16:29  Zealot x7  
  171  16:35  Nexus  
  171  16:42  Oracle  
  171  16:44  High Templar  
  171  16:45  High Templar  
  178  17:01  High Templar x7  
  166  17:21  Stalker  
  166  17:22  Stalker x2  
  160  17:24  Archon x2  
  160  17:25  Archon  
  128  17:46  Nexus  
  128  17:48  High Templar x2  
  128  17:49  Zealot x4  
  140  18:04  Observer (Chrono Boost)  
  131  18:23  Phoenix x4  
  133  18:33  High Templar  
  135  18:34  High Templar  
  135  18:35  Zealot x5  
  147  18:43  Probe  
  147  18:44  Probe x2  
  147  18:45  Probe  
  151  18:49  Photon Cannon  
  151  18:56  Probe  
  152  19:10  Probe x2  
  154  19:18  Phoenix x3  
  144  19:38  Archon  
  132  19:42  High Templar  
  132  19:43  High Templar x3  
  132  19:44  Adept x4  
  132  19:45  Stalker x2  
  152  19:47  Immortal (Chrono Boost)  
  152  19:51  Archon x2  
  156  20:06  Nexus  
  156  20:07  Pylon  
  156  20:19  Adept x4  
  156  20:20  Zealot x3  
  170  20:31  Assimilator  
  170  20:33  Probe x2  
  172  20:37  Assimilator  
  172  20:38  Photon Cannon  
  172  20:41  Pylon  
  154  21:27  Stargate  
Show
View Real Time Build Order
Export as new Build Order

MorN Terran 

Build Orders: Reaper Expand, MMM Bio 

Get SALT Encoding   

  12  0:01  SCV  
  13  0:13  SCV  
  14  0:17  Supply Depot  
  14  0:25  SCV  
  15  0:39  SCV  
  15  0:40  Barracks  
  16  0:47  Refinery  
  16  0:51  SCV  
  17  1:03  SCV  
  18  1:15  SCV  
  19  1:28  Orbital Command  
  19  1:35  Reaper  
  20  1:44  Command Center  
  20  1:57  SCV  
  20  2:09  Supply Depot, SCV  
  20  2:12  Barracks Reactor  
  21  2:19  Barracks  
  21  2:22  Barracks  
  21  2:26  SCV  
  22  2:39  SCV  
  23  2:48  Marine x2  
  23  2:51  SCV  
  26  2:59  Orbital Command  
  26  3:04  SCV  
  27  3:05  Factory  
  27  3:06  Marine x2  
  27  3:10  Barracks Tech Lab  
  27  3:11  Refinery  
  29  3:16  SCV  
  29  3:19  Marine  
  30  3:23  Marine  
  30  3:26  SCV  
  32  3:29  Marine  
  32  3:30  Engineering Bay  
  32  3:33  Stimpack  
  33  3:35  Marine  
  33  3:37  Marine  
  35  3:46  SCV x2  
  37  3:51  Factory Reactor, Starport  
  37  3:59  Supply Depot  
  37  4:00  Missile Turret  
  37  4:01  Marine  
  37  4:05  SCV  
  37  4:06  SCV  
  39  4:12  Missile Turret  
  39  4:15  Marine x2  
  41  4:17  SCV  
  41  4:23  SCV  
  41  4:24  Supply Depot  
  43  4:29  SCV  
  44  4:35  SCV, Marine x2, Medivac x2  
  51  4:39  Factory Reactor  
  51  4:41  SCV  
  52  4:47  SCV  
  52  4:51  Barracks Tech Lab  
  53  4:52  Barracks Reactor  
  53  4:53  Marine x2  
  53  4:54  SCV  
  53  4:59  SCV  
  57  5:09  SCV  
  57  5:11  Command Center  
  57  5:13  Marine x3  
  61  5:15  SCV  
  61  5:18  Supply Depot  
  62  5:24  Supply Depot  
  62  5:33  Engineering Bay  
  62  5:39  Widow Mine x2, Marine x2  
  62  5:40  Marine x2  
  70  5:42  Engineering Bay  
  70  5:46  SCV x2  
  70  5:48  Engineering Bay  
  67  6:01  Marine x2  
  67  6:02  Marauder  
  67  6:03  Marine  
  72  6:04  Medivac x2  
  72  6:08  Widow Mine  
  72  6:09  Widow Mine  
  78  6:18  Marine  
  77  6:19  Marine  
  77  6:22  Marine x2  
  77  6:23  Marauder  
  77  6:24  SCV, Orbital Command  
  81  6:27  Refinery  
  81  6:28  Refinery  
  77  6:34  Medivac  
  77  6:36  Widow Mine  
  77  6:37  SCV, Widow Mine  
  84  6:44  Marine x4  
  84  6:47  SCV  
  89  6:49  Supply Depot, Orbital Command  
  89  6:53  Combat Shields  
  87  6:54  Marine  
  87  6:57  SCV  
  87  6:59  Terran Infantry Weapons Level 1  
  89  7:02  Marine  
  89  7:04  Medivac  
  92  7:11  SCV x2  
  94  7:18  Marine x3  
  94  7:19  Marine x2  
  94  7:21  Widow Mine  
  101  7:25  Missile Turret  
  101  7:26  Terran Infantry Armor Level 1  
  101  7:27  Supply Depot  
  101  7:37  Widow Mine, Marine, SCV x2  
  101  7:42  Marine, Marauder  
  88  7:52  Marine x2  
  88  7:56  Marine  
  88  7:58  Widow Mine  
  88  7:59  Marine  
  88  8:03  Marine  
  88  8:04  Barracks  
  88  8:05  Barracks  
  90  8:09  Marine x2  
  92  8:13  Widow Mine  
  92  8:14  Marine  
  92  8:19  Marine  
  95  8:20  SCV x2  
  95  8:21  Marine  
  98  8:27  Widow Mine, Marine x2  
  98  8:29  SCV  
  98  8:32  SCV x2, Marine, Armory  
  98  8:33  Supply Depot  
  106  8:37  Marine  
  106  8:38  Medivac  
  109  8:44  Starport  
  109  8:45  Supply Depot  
  109  8:54  SCV x3, Marine x4, Medivac  
  117  8:56  Marine  
  117  8:58  Marine  
  105  9:05  Marine  
  105  9:06  SCV x3  
  105  9:07  Widow Mine x2  
  110  9:12  Marine x3, Marauder  
  115  9:18  SCV x3  
  115  9:21  Barracks x2  
  115  9:22  Command Center, Terran Infantry Armor Level 2, Barracks, Terran Infantry Weapons Level 2  
  115  9:24  Barracks Reactor, Barracks Tech Lab  
  118  9:30  SCV  
  118  9:31  SCV x2  
  121  9:34  Marauder  
  102  9:39  Widow Mine x2, Marine x4  
  102  9:41  Starport Tech Lab  
  110  9:47  Refinery  
  110  9:48  Fusion Core, Marine  
  110  9:49  Refinery  
  111  9:55  Marauder, Terran Vehicle And Ship Armor Level 1  
  111  9:56  Marine x2  
  111  9:57  Marine  
  116  10:00  Marine x3  
  121  10:07  Marauder  
  121  10:14  Marine x2  
  121  10:15  Marine x2  
  121  10:17  Marauder, Liberator x3  
  121  10:23  Marine x2  
  121  10:24  Widow Mine  
  124  10:32  Supply Depot  
  124  10:33  Supply Depot x2, Widow Mine  
  124  10:34  Supply Depot, Marauder  
  137  10:38  Marauder  
  137  10:40  Planetary Fortress  
  137  10:42  Marine x5, Missile Turret  
  143  10:48  Advanced Ballistics  
  144  10:56  Marauder  
  146  11:00  Marauder  
  131  11:08  Liberator  
  110  11:12  Marine x2  
  102  11:19  Medivac  
  102  11:20  Medivac  
  105  11:27  Marine  
  105  11:28  Marine x8  
  105  11:29  Marine x2  
  118  11:45  Marine  
  118  11:46  Marine x8  
  124  11:47  Marine x2  
  124  11:49  Medivac x2  
  124  11:51  Liberator  
  115  11:58  Widow Mine x2  
  119  12:03  Marine x7  
  119  12:04  Marauder x2  
  119  12:06  Terran Infantry Armor Level 3, Terran Infantry Weapons Level 3  
  130  12:10  Marine x2  
  135  12:21  Marine x2  
  137  12:23  Marine  
  137  12:24  Marine  
  137  12:25  Marauder  
  137  12:27  Liberator  
  137  12:29  Widow Mine x2  
  139  12:31  Barracks Tech Lab  
  139  12:32  Barracks Reactor  
  139  12:33  Command Center, Barracks Tech Lab  
  139  12:34  Marine x3  
  146  12:38  Marine  
  146  12:39  Marine  
  146  12:41  Marine  
  152  12:50  Marine x2  
  156  12:51  Marauder  
  156  12:55  Marine x2  
  156  12:56  Marauder  
  156  13:09  Liberator  
  144  13:18  Marine x5  
  146  13:20  Marine x2  
  146  13:21  Viking x2  
  148  13:30  Marine  
  148  13:31  Marine x2, Marauder  
  153  13:34  Liberator x2  
  153  13:50  Marine  
  153  13:51  Marine x7  
  153  13:52  Marine x4  
  171  14:08  Marine x2  
  171  14:09  Supply Depot, Marine x3, Medivac  
  178  14:10  Marauder  
  178  14:12  Planetary Fortress  
  178  14:13  Missile Turret  
  180  14:26  Refinery, Marine x3  
  180  14:27  Widow Mine, Marine, Marauder  
  180  14:28  Refinery  
  188  14:31  Terran Vehicle And Ship Armor Level 2  
  188  14:34  Medivac x2  
  188  14:39  Medivac  
  179  14:51  Marine x3  
  179  14:52  Widow Mine, Marine x5  
  150  14:53  Marauder  
  150  14:54  Marine x2  
  150  14:56  Widow Mine  
  158  15:04  Medivac x2  
  162  15:09  Medivac  
  164  15:18  Command Center  
  164  15:19  Marine x3  
  164  15:20  Marine, Marauder  
  164  15:21  Widow Mine  
  170  15:24  Widow Mine  
  170  15:27  Marine x3  
  177  15:28  Command Center  
  177  15:34  Medivac x2  
  181  15:39  Medivac  
  179  15:47  Liberator  
  165  15:50  Marine  
  165  15:51  Marine x4  
  165  15:53  Widow Mine  
  171  15:58  Marine x2  
  171  15:59  Marauder  
  171  16:01  Widow Mine, Marine x2  
  136  16:04  Viking  
  179  16:07  SCV x2  
  179  16:09  Viking  
  188  16:15  Marine x2  
  188  16:16  Marauder  
  183  16:22  Liberator  
  157  16:30  Liberator  
  153  16:34  Viking  
  153  16:37  Marine x8  
  153  16:38  Widow Mine x2, Marauder x2  
  139  16:44  Marine x2  
  139  16:47  Liberator  
  136  16:54  Marine x2  
  136  16:55  Marine x3  
  136  16:59  Marauder  
  136  17:00  Marauder  
  145  17:02  Marine x3, Marauder  
  145  17:03  Marauder  
  145  17:05  Liberator  
  145  17:06  Widow Mine x2  
  159  17:12  Marine x3  
  159  17:13  Marine  
  145  17:17  Marine  
  145  17:19  Marine x2  
  145  17:21  Marauder x2  
  144  17:23  Marine x2  
  144  17:24  Marauder  
  135  17:30  Marine x4  
  135  17:35  Widow Mine x2, Marine  
  144  17:37  Marine  
  144  17:42  Marauder x2  
  149  17:44  Planetary Fortress  
  149  17:50  Planetary Fortress  
  149  17:53  SCV x3  
  149  17:54  Marine x3  
  149  17:55  Marine x4  
  149  17:56  Marauder  
  149  17:57  Liberator x2  
  149  17:58  Marine x2  
  161  17:59  SCV  
  147  18:13  Widow Mine x2, Marine x3  
  147  18:14  Marauder x2, Liberator  
  157  18:21  Marine x2, Marauder  
  155  18:30  Marine x3  
  155  18:31  Marauder  
  158  18:35  SCV x2  
  158  18:36  SCV x2  
  158  18:37  SCV  
  158  18:38  Marine x2  
  158  18:40  Liberator x2  
  165  18:42  Widow Mine x2  
  165  18:43  Marine x3  
  165  18:44  Marauder  
  165  18:47  SCV  
  175  18:48  Marine  
  175  18:49  Marine  
  175  18:54  Ghost Academy  
  177  18:56  Liberator  
  178  19:07  Missile Turret  
  178  19:09  Missile Turret  
  170  19:10  Widow Mine x2  
  175  19:17  SCV x3  
  175  19:18  SCV x2  
  171  19:29  SCV x2  
  137  19:35  Marine x4  
  137  19:36  Marauder  
  137  19:37  Marine x3  
  137  19:38  Marauder  
  107  19:41  Missile Turret  
  107  19:44  SCV x2  
  107  19:45  SCV x3  
  112  19:46  Marine  
  113  19:54  Marine x4  
  113  19:55  Marauder  
  113  19:56  SCV  
  113  19:57  SCV x4  
  124  20:00  Marine  
  124  20:01  Marauder  
  124  20:02  Medivac  
  121  20:13  Marine x2  
  121  20:14  Marine x7  
  110  20:16  Marine  
  110  20:18  Marine  
  114  20:22  Marine  
  114  20:27  SCV x6  
  121  20:30  Missile Turret  
  121  20:31  Marine x3  
  121  20:33  Marine x2, Marauder  
  128  20:40  Marine  
  128  20:41  Marine, Medivac x2  
  128  20:42  Medivac  
Tags
 
Add a new tag
Caveats
  • Supply blocks, unpowered buildings, or Contaminate may cause inaccurate times.
  • Supply counts are checked every 10 seconds.